Match 43114965
Unlisted

Match 43114965
End
Selects Special Operations Battlegroup
Selects M29 Weasel Recon Vehicle
M29 Weasel Recon Vehicle
Construct Barracks
Riflemen Squad
Riflemen Squad
Mechanized Support Center
Engineer Squad
Grenade Package
M1918 Browning Automatic Rifles
Construct Motor Pool
Selects Raiding Flares
Selects SSF Commando Squad
SSF Commando Squad
Raiding Flares
SSF Commando Squad
Construct Tank Depot
M4A1 Sherman Medium Tank
SSF Commando Squad
Designate Forward Repair Station
M1 Mortar Team
M4A1 Sherman Medium Tank
Engineer Squad
M4A1 Sherman Medium Tank
Designate Forward Repair Station
Selects P-47 Anti-Infantry Loiter
Selects M4A1 Sherman Whizbang
Selects Air Re-supply Operation
M4A1 76mm Conversion
Improvised Armor
P-47 Anti-Infantry Loiter
M4A1(76) Sherman Medium Tank
M4A1(76) Sherman Medium Tank
SSF Commando Squad
Air Re-Supply Operation
Bran
Dillbro
Magrigno
mRk
0
0

Comments sign in to comment!

No comments posted yet!